 Dungeon Crawl Stone Soup version 0.30-a0-956-gcec3b41aec (webtiles) character file.

Game seed: 13703926800385648164

18491 Demosthentine the Fighter (level 12, 0/99 HPs)
             Began as a Demonspawn Gladiator on Mar 29, 2023.
             Was the Champion of Jiyva.
             Killed from afar by a starcursed mass (18 damage)
             ... with an accursed screaming
             ... on level 1 of the Abyss.
             The game lasted 00:15:30 (9059 turns).

Demosthentine the Fighter (Demonspawn Gladiator)    Turns: 9059, Time: 00:15:30

Health: 0/99       AC: 10    Str: 19    XL:     12   Next: 28%
Magic:  0/12       EV: 26    Int:  9    God:    Jiyva [******]
Gold:   1358       SH:  0    Dex: 30    Spells: 11/11 levels left

rFire   . . .      SeeInvis +    a - +1 trident
rCold   + . .      Faith    .    (no shield)
rNeg    . . .      Spirit   +    z - +0 steam dragon scales
rPois   .          Reflect  .    (helmet unavailable)
rElec   .          Rampage  .    v - +0 cloak
rCorr   +                        (no gloves)
Will    .....                    g - +1 pair of boots
Stlth   ++++                     c - amulet of guardian spirit
HPRegen 1.60/turn                m - ring of protection from cold
MPRegen 0.63/turn                x - +6 ring of dexterity

@: about to teleport, sick
A: horns 3, repulsion field 2, demonic guardian 1, powered by pain 3, thin
skeletal structure 2, agile 1, strong 1, wild magic 1, eyeballs 3, jelly sensing
items
a: Renounce Religion, Oozemancy, Slimify


You were on level 1 of the Abyss.
You worshipped Jiyva.
Jiyva was exalted by your worship.
You visited 1 branch of the dungeon, and saw 11 of its levels.
You visited the Abyss 1 time.
You also visited: Sewer.

You collected 1558 gold pieces.
You spent 200 gold pieces at shops.

Inventory:

Hand Weapons
 a - a +1 trident (weapon)
Missiles
 e - a javelin (quivered)
 w - a throwing net
Armour
 g - a +1 pair of boots (worn)
 v - a +0 cloak (worn)
 z - +0 steam dragon scales (worn)
Jewellery
 c - an amulet of guardian spirit (around neck)
 f - an amulet of regeneration
 m - a ring of protection from cold (left hand)
 r - a ring of positive energy
 x - a +6 ring of dexterity (right hand)
 E - a ring of see invisible
 G - a ring of wizardry
Wands
 u - a wand of charming (12)
 y - a wand of acid (4)
 A - a wand of polymorph (14)
 B - a wand of roots (5)
Scrolls
 b - 4 scrolls of silence
 i - a scroll of enchant armour
 n - 2 scrolls of teleportation
 q - a scroll of magic mapping
 s - 3 scrolls of fear
Potions
 d - a potion of attraction
 h - 2 potions of curing
 j - 4 potions of haste
 k - a potion of flight
 l - 2 potions of might
 o - 3 potions of heal wounds
 p - 3 potions of berserk rage {unknown}
 t - a potion of invisibility
 C - 2 potions of brilliance
 D - a potion of resistance {unknown}
 F - 2 potions of magic {unknown}


   Skills:
 + Level 10.6 Fighting
 + Level 9.9 Polearms
 - Level 1.7 Throwing
 - Level 6.7 Armour
 + Level 9.9 Dodging
 + Level 7.0 Evocations


You had 11 spell levels left.
You didn't know any spells.
Your spell library contained the following spells:

 Spells                   Type           Power      Damage    Failure   Level
 Cigotuvi's Dreadful Rot  Necr/Pois/Air  0%         N/A       61%         2
 Poisonous Vapours        Pois/Air       0%         N/A       61%         2
 Mephitic Cloud           Conj/Pois/Air  0%         N/A       83%         3
 Summon Forest            Summ/Tloc      0%         N/A       100%        5
 Eringya's Noxious Bog    Tmut/Pois      0%         N/A       100%        6
 Summon Hydra             Summ           0%         N/A       100%        7


Dungeon Overview and Level Annotations

Branches:
Dungeon (11/15)            Temple (0/1) D:5            Lair (0/5) D:8
    Orc (0/2) D:9           Sewer (visited)

Altars:
Makhleb
Okawaru
Ru
Vehumet

Shops:
D:4 [=   D:7 *   D:9 =

Annotations:
D:11 1 runed translucent door, Erolcha


Innate Abilities, Weirdness & Mutations

You have a pair of large horns on your head.
You are surrounded by a moderate repulsion field. (EV +3)
A weak demonic guardian rushes to your aid.
You are powered by pain.
You have a moderately thin skeletal structure. (Dex +4, Stealth++)
You are agile. (Dex +4, Str/Int -1)
Your muscles are strong. (Str +4, Int/Dex -1)
Your spells are a little harder to cast, but a little more powerful.
Your body is covered in eyes which may confuse attackers. (Acc +7, SInv)
You have a small jelly attached to you that senses nearby items.


Message History

The starcursed mass is almost destroyed.
The starcursed mass shudders and is absorbed by its neighbour.
The starcursed mass completely misses you.
The starcursed mass touches you.
Unknown command.
Unknown command.
You hit the starcursed mass. You headbutt the starcursed mass.
The starcursed mass is heavily damaged.
The starcursed mass shudders and is absorbed by its neighbour.
A starcursed mass splits.
The starcursed mass touches you. x2
The starcursed mass completely misses you.
A starcursed mass splits.
Okay, then.
As you read the scroll of teleportation, it crumbles to dust.
You feel strangely unstable.
You feel the power of the Abyss delaying your translocation!
The starcursed mass closely misses you. The starcursed mass barely misses you.
A starcursed mass splits.
The starcursed mass touches you but does no damage.
A cacophony of accursed wailing tears at your sanity!
* * * LOW HITPOINT WARNING * * *
You suddenly lose the ability to move!
The starcursed mass touches you but does no damage. x2
The starcursed mass completely misses you.
The starcursed mass touches you. The starcursed mass touches you!
* * * LOW HITPOINT WARNING * * *
The starcursed mass touches you.
* * * LOW HITPOINT WARNING * * *
A demonic guardian appears!
You can move again.
Unknown command.
You hit the starcursed mass.
You headbutt the starcursed mass, but do no damage.
The starcursed mass is severely damaged.
The starcursed mass shudders and is absorbed by its neighbour.
The starcursed mass touches you.
* * * LOW HITPOINT WARNING * * *
The starcursed mass completely misses you.
A cacophony of accursed wailing tears at your sanity!
You die...

#.###.. #..
.###.#....
. #
#.......#
### .
##..#.# .#
#. #.#..# #
..#
##.....#..#
#.XX##.#
#.XX...#
#ยง #@## #
.....XXXX#
#..#.#XX#4.
#.. #
#.##X..#..
. #.. . .#
#. #.##.. #
... .. ###
##.


You could see 11 starcursed masses and a friendly ice devil (summoned).

Vanquished Creatures
  5 two-headed ogres
  Sonja (D:11)
  A wretched star (Abyss:1)
  The ghost of Jackthecabe the Carver, a novice DsMo of Qazlal (D:8)
  Lodul (D:10)
  A bunyip zombie (Abyss:1)
  An ugly thing (D:8)
  2 large abominations (Abyss:1)
  A centaur skeleton (Abyss:1)
  A gargoyle (D:11)
  An unseen horror zombie (D:8)
  Psyche (D:8)
  An ancient zyme (Abyss:1)
  2 unseen horror skeletons (D:8)
  Prince Ribbit (D:8)
  A black mamba zombie (Abyss:1)
  Sigmund (D:5)
  2 shadows (D:9)
  A wyvern (D:8)
  A vampire (D:9)
  2 ynoxinuls (Abyss:1)
  10 yaks
  Eustachio (D:6)
  2 steam dragons
  Edmund (D:5)
  2 acid dragons
  A water moccasin (D:9)
  3 ice beasts
  3 black bears
  2 orc warriors
  A sky beast (D:7)
  10 ogres
  2 centaurs (D:9)
  A phantom (D:6)
  Blork the orc (D:4)
  4 kobold brigands
  5 bullfrogs
  2 scorpions (D:5)
  3 wights (D:7)
  11 killer bees
  A howler monkey (D:11)
  3 orc priests
  5 hounds
  2 jellies (Sewer)
  Crazy Yiuf (D:4)
  An iguana (D:5)
  Ijyb (D:4)
  A starcursed mass (Abyss:1)
  16 orc wizards
  A centaur simulacrum (D:8)
  A spectral howler monkey (D:8)
  A gnoll (D:3)
  A river rat (Sewer)
  6 adders
  A shadow imp (D:6)
  4 white imps
  An ufetubus (D:4)
  4 worms (D:3)
  2 dart slugs (D:3)
  25 orcs
  14 endoplasms
  7 giant cockroaches
  3 goblins
  2 hobgoblins (D:2)
  3 jackals (D:5)
  5 quokkas
  9 ball pythons
  6 bats
  6 frilled lizards
  22 kobolds
  16 rats
265 creatures vanquished.

Vanquished Creatures (collateral kills)
  A tentacled monstrosity (Abyss:1)
  Gastronok (D:11)
  An ufetubus (Abyss:1)
  2 orcs (D:7)
  An endoplasm (D:2)
  A kobold (D:8)
7 creatures vanquished.

Vanquished Creatures (others)
  A troll (D:9)
  A shadow (D:11)
  A black bear (D:8)
  A centaur (D:9)
  5 wights
  A howler monkey (D:6)
  34 jellies
  A gnoll bouda (D:5)
  An orc wizard (D:8)
  3 gnolls (D:5)
  A shadow imp (D:6)
  A white imp (D:6)
  2 dart slugs (D:4)
  2 orcs (D:8)
  A ball python (Sewer)
  3 endoplasms
  4 kobolds
  2 fungi (D:8)
  2 plants (D:8)
67 creatures vanquished.

Grand Total: 339 creatures vanquished

Notes
Turn   | Place    | Note
-------+----------+-------------------------------------------
     0 | D:1      | Demosthentine the Demonspawn Gladiator began the quest for
                  | the Orb.
     0 | D:1      | Reached XP level 1. HP: 16/16 MP: 1/1
   630 | D:1      | Gained mutation: You sometimes gain a little power by
                  | taking damage. [demonic ancestry]
   630 | D:1      | Reached XP level 2. HP: 22/22 MP: 2/2
  1007 | D:2      | Reached skill level 1 in Armour
  1016 | D:2      | Gained mutation: A weak demonic guardian rushes to your
                  | aid. [demonic ancestry]
  1016 | D:2      | Reached XP level 3. HP: 16/28 MP: 3/3
  1660 | D:3      | Gained mutation: You have a pair of small horns on your
                  | head. [demonic ancestry]
  1660 | D:3      | Reached XP level 4. HP: 34/34 MP: 4/4
  2056 | D:3      | Found a glowing drain.
  2084 | Sewer    | Entered a sewer
  2126 | Sewer    | Reached skill level 3 in Fighting
  2275 | Sewer    | Found a viscous altar of Jiyva.
  2279 | Sewer    | Gained mutation: You have a pair of horns on your head.
                  | [demonic ancestry]
  2279 | Sewer    | Reached XP level 5. HP: 25/41 MP: 5/5
  2303 | Sewer    | Became a worshipper of Jiyva Jakasti the Shapeless
  2733 | D:3      | Identified the +12 dagger of Hacking and Slashing {flame,
                  | *Rage rPois Str-4 Dex+8}
  2957 | D:3      | Identified a scroll of acquirement
  2957 | D:3      | Acquired 546 gold pieces
  3150 | D:4      | Noticed Blork the orc
  3153 | D:4      | Noticed a black bear
  3187 | D:4      | Killed Blork the orc
  3188 | D:4      | Gained mutation: You sometimes gain power by taking damage.
                  | [demonic ancestry]
  3188 | D:4      | Reached XP level 6. HP: 16/48 MP: 1/6
  3410 | D:4      | Found Temoufat's Jewellery Boutique.
  3437 | D:4      | Found Kouts's Antique Armour Shoppe.
  3441 | D:4      | Reached * piety under Jiyva
  3529 | D:4      | Noticed Ijyb
  3547 | D:4      | Killed Ijyb
  3548 | D:4      | Reached skill level 4 in Fighting
  3665 | D:4      | Reached XP level 7. HP: 44/54 MP: 4/7
  3891 | D:4      | Found a runed translucent door.
  3892 | D:4      | Noticed Crazy Yiuf
  3897 | D:4      | Killed Crazy Yiuf
  3954 | D:5      | Entered Level 5 of the Dungeon
  4011 | D:5      | Found a staircase to the Ecumenical Temple.
  4048 | D:5      | Reached ** piety under Jiyva
  4295 | D:5      | Identified the +3 flail of Hiesmu {freeze, Fragile rPois
                  | Dex+3 Stlth+}
  4545 | D:5      | Reached skill level 5 in Fighting
  4545 | D:5      | Reached skill level 5 in Polearms
  4545 | D:5      | Reached skill level 5 in Dodging
  4545 | D:5      | Reached XP level 8. HP: 62/62 MP: 8/8
  4550 | D:5      | Noticed Sigmund
  4559 | D:5      | Killed Sigmund
  4570 | D:5      | Reached *** piety under Jiyva
  4598 | D:5      | Found an iron altar of Okawaru.
  4883 | D:6      | Gained mutation: You are agile. (Dex +4, Str/Int -1)
                  | [Jiyva's grace]
  4883 | D:6      | Gained mutation: You are very agile. (Dex +8, Str/Int -2)
                  | [Jiyva's grace]
  4883 | D:6      | Gained mutation: Your spells are a little harder to cast,
                  | but a little more powerful. [Jiyva's grace]
  4883 | D:6      | Gained mutation: Your spells are harder to cast, but more
                  | powerful. [Jiyva's grace]
  4883 | D:6      | Noticed Edmund
  4922 | D:6      | Noticed Eustachio
  4933 | D:5      | Killed Edmund
  4953 | D:6      | Killed Eustachio
  5142 | D:6      | Found a radiant altar of Vehumet.
  5144 | D:6      | Reached **** piety under Jiyva
  5151 | D:6      | Found a sacrificial altar of Ru.
  5361 | D:6      | Reached skill level 6 in Fighting
  5415 | D:7      | Reached skill level 5 in Armour
  5474 | D:7      | Reached XP level 9. HP: 65/69 MP: 7/9
  5794 | D:7      | Reached ***** piety under Jiyva
  5901 | D:7      | Found Dayrrem's Assorted Antiques.
  5906 | D:7      | Bought a bubbling brown potion for 30 gold pieces
  5906 | D:7      | Bought a scroll labelled ACECKU CURUA for 34 gold pieces
  5906 | D:7      | Bought a scroll of identify for 68 gold pieces
  5906 | D:7      | Bought a scroll of identify for 68 gold pieces
  6262 | D:8      | Noticed a two-headed ogre
  6301 | D:8      | Killed a two-headed ogre
  6302 | D:8      | Reached skill level 7 in Fighting
  6386 | D:8      | Noticed Prince Ribbit
  6386 | D:8      | Noticed a cyan ugly thing
  6400 | D:8      | Killed a cyan ugly thing
  6401 | D:8      | Gained mutation: You are powered by pain. [demonic
                  | ancestry]
  6401 | D:8      | Reached XP level 10. HP: 24/79 MP: 10/10
  6444 | D:8      | Killed Prince Ribbit
  6512 | D:8      | Lost mutation: You are very agile. (Dex +8, Str/Int -2)
                  | [Jiyva's grace]
  6512 | D:8      | Gained mutation: You have a small jelly attached to you
                  | that senses nearby items. [Jiyva's grace]
  6512 | D:8      | Gained mutation: You have a pair of large horns on your
                  | head. [Jiyva's grace]
  6512 | D:8      | Gained mutation: You have a somewhat thin skeletal
                  | structure. (Dex +2, Stealth+) [Jiyva's grace]
  6512 | D:8      | Gained mutation: You have a moderately thin skeletal
                  | structure. (Dex +4, Stealth++) [Jiyva's grace]
  6617 | D:8      | Noticed Psyche
  6632 | D:8      | Killed Psyche
  6648 | D:8      | Reached skill level 1 in Evocations
  6667 | D:8      | Found a runed translucent gate.
  6667 | D:8      | Found a runed translucent gate.
  6669 | D:8      | Found a runed translucent gate.
  6671 | D:8      | Noticed Jackthecabe's ghost (novice DsMo)
  6721 | D:8      | Found a staircase to the Lair.
  6737 | D:8      | Reached skill level 8 in Fighting
  7055 | D:8      | Killed Jackthecabe's ghost
  7090 | D:9      | Found Joik's Jewellery Boutique.
  7328 | D:9      | Found a staircase to the Orcish Mines.
  7538 | D:9      | Noticed a two-headed ogre
  7546 | D:9      | Killed a two-headed ogre
  7547 | D:9      | Gained mutation: You are surrounded by a mild repulsion
                  | field. (EV +2) [demonic ancestry]
  7547 | D:9      | Reached XP level 11. HP: 84/87 MP: 11/11
  7646 | D:10     | Entered Level 10 of the Dungeon
  7678 | D:10     | Noticed a two-headed ogre
  7684 | D:10     | Noticed a two-headed ogre
  7693 | D:9      | Reached skill level 9 in Fighting
  7699 | D:9      | Killed a two-headed ogre
  7717 | D:9      | Killed a two-headed ogre
  7751 | D:10     | Reached skill level 5 in Evocations
  7852 | D:10     | Reached ****** piety under Jiyva
  8200 | D:11     | Lost mutation: Your spells are harder to cast, but more
                  | powerful. [Jiyva's grace]
  8200 | D:11     | Gained mutation: Your body has grown eyes which may confuse
                  | attackers. (Acc +3) [Jiyva's grace]
  8200 | D:11     | Gained mutation: Your body has grown many eyes which may
                  | confuse attackers. (Acc +5) [Jiyva's grace]
  8200 | D:11     | Gained mutation: Your body is covered in eyes which may
                  | confuse attackers. (Acc +7, SInv) [Jiyva's grace]
  8200 | D:11     | Gained mutation: Your muscles are strong. (Str +4, Int/Dex
                  | -1) [Jiyva's grace]
  8200 | D:11     | Noticed a two-headed ogre
  8214 | D:11     | Killed a two-headed ogre
  8219 | D:11     | Noticed Lodul
  8227 | D:11     | Noticed Sonja
  8406 | D:10     | Killed Lodul
  8418 | D:11     | Killed Sonja
  8435 | D:11     | Found a runed translucent door.
  8437 | D:11     | Found a burning altar of Makhleb.
  8437 | D:11     | Noticed a sixfirhy
  8609 | D:11     | Noticed Gastronok
  8621 | D:11     | Killed Gastronok
  8622 | D:11     | Reached skill level 10 in Fighting
  8749 | D:11     | Noticed Erolcha
  8762 | Abyss:1  | Cast into level 1 of the Abyss (Erolcha)
  8799 | Abyss:1  | Found a corrupted altar of Lugonu.
  8824 | Abyss:1  | Noticed a wretched star
  8842 | Abyss:1  | Killed a wretched star
  8843 | Abyss:1  | Gained mutation: You are surrounded by a moderate repulsion
                  | field. (EV +3) [demonic ancestry]
  8843 | Abyss:1  | Reached XP level 12. HP: 73/97 MP: 9/12
  8862 | Abyss:1  | Noticed a tentacled monstrosity
  8873 | Abyss:1  | Killed a tentacled monstrosity
  9029 | Abyss:1  | Noticed a starcursed mass
  9033 | Abyss:1  | Noticed a starcursed mass
  9051 | Abyss:1  | Paralysed by accursed screaming for 1 turns
  9057 | Abyss:1  | Paralysed by accursed screaming for 2 turns
  9059 | Abyss:1  | Killed from afar by a starcursed mass

Illustrated notes

Levels and vault maps discovered:
D:1:      ncdulo_halloftheorcs, layout_basic
D:2:      layout_basic
D:3:      minmay_thinvault, layout_loops_ring, cheibrodos_sewer_entry_bend,
          minmay_puff
D:4:      layout_basic, serial_shops, nicolae_stop_n_shop_1,
          minmay_shop_enchanted_jewellery, kennysheep_orc_chapel, uniq_ijyb,
          uniq_blork_the_orc, uniq_crazy_yiuf_cottage
D:5:      layout_gridville, mainiacjoe_overflow_surrounded_room,
          general_overflow_altar, minmay_temple_entry_wispy, uniq_sigmund
D:6:      layout_gridville, chequers_temple_overflow_statue_of_worship,
          uniq_edmund, uniq_eustachio
D:7:      layout_basic, serial_shops, shop_statue, kennysheep_generic_room_12
D:8:      layout_rooms, david_lair_generic, gammafunk_ghost_necromancy,
          uniq_prince_ribbit1, uniq_psyche
D:9:      layout_rooms, orc_0_dummy, serial_shops, shop, billiards_dpeg
D:10:     layout_cave_pools
D:11:     layout_layer_cave, nzn_makhleb_speed_demon, uniq_sonja, uniq_erolcha,
          uniq_gastronok, uniq_lodul
Abyss:1:  base:
D:7

Skill      XL: |  1  2  3  4  5  6  7  8  9 10 11 12 |
---------------+-------------------------------------+-----
Polearms       | 3 4 5 6 7 8 9 |  9.9
Dodging        | 3 4 5 6 7 8 9 |  9.9
Armour         | 1 2 3 4 5 6 |  6.7
Fighting       | 3 4 5 6 7 8 10 | 10.6
Evocations     | 4 6 7 |  7.0
Throwing       | |  1.7

Action                     |  1- 3 |  4- 6 |  7- 9 | 10-12 || total
---------------------------+-------+-------+-------+-------++-------
  Melee: Trident           |   121 |   194 |   345 |   426 ||  1086
         Punch             |     1 |     1 |     8 |     7 ||    17
         Headbutt          |       |    21 |    67 |   139 ||   227
  Throw: Throwing net      |       |     1 |     4 |       ||     5
         Javelin           |       |       |     1 |       ||     1
  Evoke: Wand              |       |       |       |     1 ||     1
    Use: Scroll            |     8 |     3 |     7 |     4 ||    22
         Potion            |       |       |     2 |     2 ||     4
   Stab: Sleeping          |     4 |     2 |     6 |     5 ||    17
         Held in net/web   |       |     1 |     3 |       ||     4
         Distracted        |       |       |     4 |     6 ||    10
         Confused          |       |       |       |     5 ||     5
 Armour: Leather armour    |    34 |    36 |    72 |     4 ||   146
         Skin              |       |       |    76 |       ||    76
         Steam dragon scal |       |       |       |    62 ||    62
  Dodge: Dodged            |    62 |    72 |   348 |   364 ||   846

Table legend: (Time is in decaauts)
 A = Elapsed time spent in this place.
 B = Non-inter-level travel time spent in this place.
 C = Inter-level travel time spent in this place.
 D = Time resting spent in this place.
 E = Time spent auto-exploring this place.
 F = Levels seen in this place.
 G = Mean time per level.
                   A        B        C        D        E       F      G
               +--------+--------+--------+--------+--------+-----+--------+
         Total |   9076 |   8785 |    291 |    261 |   6265 |  13 |  698.2 |
       Dungeon |   8390 |   8099 |    291 |    228 |   5881 |  11 |  762.7 |
         Abyss |    278 |    278 |      0 |     33 |    129 |   1 |  278.0 |
         Sewer |    408 |    408 |      0 |      0 |    254 |   1 |  408.0 |
               +--------+--------+--------+--------+--------+-----+--------+

Top non-repeatable levels by time:
     D:3: 1210 daAuts
     D:5: 948 daAuts
     D:4: 935 daAuts
     D:7: 880 daAuts
     D:1: 841 daAuts
     D:8: 777 daAuts
    D:10: 643 daAuts
     D:2: 627 daAuts
     D:9: 579 daAuts
     D:6: 515 daAuts
    D:11: 429 daAuts
   Sewer: 408 daAuts
 Abyss:1: 278 daAuts
